 Dungeon Crawl Stone Soup version 0.25.1-2-g60ff931df9 (webtiles) character file.

Game seed: 5446840432090121698

144520 gruber the Eclecticist (level 16, -2/76 HPs)
             Began as a Deep Elf Ice Elementalist on Nov 15, 2020.
             Was the Champion of Vehumet.
             Killed from afar by a deep elf sorcerer (28 damage)
             ... with damnation
             ... led by an ironheart preserver
             ... on level 1 of the Vaults.
             The game lasted 01:17:15 (43492 turns).

gruber the Eclecticist (Deep Elf Ice Elementalist) Turns: 43492, Time: 01:17:16

Health: -2/76      AC: 11    Str:  5    XL:     16   Next: 55%
Magic:  33/42      EV: 17    Int: 37    God:    Vehumet [******]
Gold:   4219       SH:  6    Dex: 15    Spells: 13/55 levels left

rFire    + . .     SeeInvis .   L - staff of conjuration
rCold    + . .     Gourm    .   C - +1 buckler {rPois}
rNeg     . . .     Faith    .   p - +2 robe {rC+ rF+}
rPois    +         Spirit   .   K - +2 helmet
rElec    .         Reflect  .   J - +0 cloak
rCorr    .         Harm     .   a - +1 pair of gloves of Repulsion {Int+3}
MR       ++...                  Z - +0 pair of boots
Stlth    ++........             q - amulet of the acrobat
HPRegen  0.22/turn              g - ring of protection from magic
MPRegen  0.28/turn              r - +6 ring of intelligence

@: no potions
A: no striking features
}: 1/15 runes: decaying
a: Renounce Religion


You were on level 1 of the Vaults.
You worshipped Vehumet.
Vehumet was exalted by your worship.
You were not hungry.

You visited 7 branches of the dungeon, and saw 30 of its levels.
You also visited: Ice Cave.

You collected 4219 gold pieces.

Inventory:

Hand Weapons
 k - a +3 demon blade of venom
Armour
 a - the +1 pair of gloves of Repulsion (worn) {Int+3}
   (You acquired it on level 2 of the Orcish Mines)

   It affects your intelligence (+3).
 p - a +2 robe of resistance (worn)
 C - a +1 buckler of poison resistance (worn)
 J - a +0 cloak (worn)
 K - a +2 helmet (worn)
 Z - a +0 pair of boots (worn)
Magical Staves
 L - an uncursed staff of conjuration (weapon)
Jewellery
 g - a ring of protection from magic (left hand)
 i - an uncursed ring of see invisible
 q - an amulet of the acrobat (around neck)
 r - a +6 ring of intelligence (right hand)
 D - a cursed ring of attention {unknown}
 M - an uncursed ring of flight
 X - an uncursed ring of protection from cold
Wands
 E - a wand of digging (7)
 G - a wand of disintegration (31)
 I - a wand of polymorph (20)
 O - a wand of acid (8)
 R - a wand of paralysis (7)
 S - a wand of clouds (7)
 V - a wand of enslavement (9)
Scrolls
 j - 13 scrolls of remove curse
 l - 3 scrolls of blinking
 m - 4 scrolls of fear
 n - a scroll of enchant armour
 t - 3 scrolls of teleportation
 u - 8 scrolls of identify
 v - a scroll of silence {unknown}
 w - a scroll of amnesia
 y - 3 scrolls of enchant weapon
 N - 4 scrolls of magic mapping
 T - 5 scrolls of fog
Potions
 b - 6 potions of flight
 d - 7 potions of haste
 e - 5 potions of resistance
 f - 4 potions of cancellation
 h - 8 potions of lignification
 o - 6 potions of brilliance
 s - 4 potions of curing
 x - 4 potions of heal wounds
 A - 4 potions of invisibility
 B - 2 potions of stabbing
 F - 7 potions of might
 U - 2 potions of berserk rage
Miscellaneous
 W - a lightning rod (4/4)
Comestibles
 c - 43 rations
 z - 5 chunks of flesh


   Skills:
 - Level 8.0 Dodging
 - Level 2.4 Stealth
 - Level 5.3 Shields
 - Level 20.0 Spellcasting
 * Level 10.0 Conjurations
 - Level 4.2 Summonings
 - Level 11.0 Necromancy
 - Level 8.3 Fire Magic
 - Level 16.0 Ice Magic
 - Level 8.0 Air Magic
 - Level 9.0 Earth Magic


You had 13 spell levels left.
You knew the following spells:

 Your Spells              Type           Power        Failure   Level  Hunger
a - Freeze                Ice            ####         0%          1    None
b - Frozen Ramparts       Ice            ######       0%          3    None
c - Hailstorm             Conj/Ice       ########     1%          4    None
d - Summon Ice Beast      Ice/Summ       #######.     1%          4    None
e - Borgnjor's Vile Clut  Necr/Erth      #######...   1%          5    None
f - Bolt of Magma         Conj/Fire/Erth ########..   1%          5    None
g - Freezing Cloud        Conj/Ice/Air   ########..   1%          6    None
h - Iron Shot             Conj/Erth      ########..   1%          6    None
i - Ozocubu's Refrigerat  Ice            ########..   1%          6    None
j - Sublimation of Blood  Necr           #######...   0%          2    None

Your spell library contained the following spells:

 Spells                   Type           Power        Failure   Level  Hunger
 Orb of Destruction       Conj           ########..   3%          7    None
 Foxfire                  Conj/Fire      ####         0%          1    None
 Shock                    Conj/Air       ####         0%          1    None
 Beastly Appendage        Tmut           #####.       1%          1    None
 Corona                   Hex            #####..      1%          1    None
 Infusion                 Chrm           ####         1%          1    None
 Summon Small Mammal      Summ           ####         1%          1    None
 Call Imp                 Summ           ######..     1%          2    None
 Ensorcelled Hibernation  Hex/Ice        ######       1%          2    None
 Poisonous Vapours        Pois/Air       ######       1%          2    None
 Shroud of Golubria       Chrm/Tloc      #####.       1%          2    None
 Slow                     Hex            #####...     1%          2    None
 Song of Slaying          Chrm           #####...     1%          2    None
 Sticks to Snakes         Tmut           #####...     1%          2    None
 Swiftness                Chrm/Air       ######..     1%          2    None
 Call Canine Familiar     Summ           ######..     1%          3    None
 Conjure Flame            Conj/Fire      ########     1%          3    None
 Ignite Poison            Fire/Tmut/Pois ######..     1%          3    None
 Inner Flame              Hex/Fire       ######..     1%          3    None
 Mephitic Cloud           Conj/Pois/Air  #######.     1%          3    None
 Ozocubu's Armour         Chrm/Ice       #######.     1%          3    None
 Static Discharge         Conj/Air       ########     1%          3    None
 Summon Guardian Golem    Hex/Summ       ######..     1%          3    None
 Vampiric Draining        Necr           #######...   1%          3    None
 Airstrike                Air            #######...   1%          4    None
 Ice Form                 Ice/Tmut       #######.     1%          4    None
 Leda's Liquefaction      Hex/Erth       ######....   1%          4    None
 Petrify                  Tmut/Erth      ######..     1%          4    None
 Sticky Flame             Conj/Fire      ########     1%          4    None
 Summon Lightning Spire   Summ/Air       ######..     1%          4    None
 Fireball                 Conj/Fire      ########..   1%          5    None
 Irradiate                Conj/Tmut      #######...   1%          5    None
 Lightning Bolt           Conj/Air       ########..   1%          5    None
 Death Channel            Necr           #######...   1%          6    None
 Portal Projectile        Hex/Tloc       #####.       2%          3    None
 Spectral Weapon          Hex/Chrm       #####...     2%          3    None
 Spider Form              Tmut/Pois      #####.....   2%          3    None
 Silence                  Hex/Air        ######....   4%          5    None
 Yara's Violent Unravell  Hex/Tmut       #####.....   6%          5    None
 Cause Fear               Hex            #####.....   8%          4    None
 Alistair's Intoxication  Tmut/Pois      #####...     22%         5    None
 Blade Hands              Tmut           #####.....   22%         5    None
 Shadow Creatures         Summ           N/A          22%         6    None
 Haunt                    Necr/Summ      #######...   28%         7    None
 Borgnjor's Revivificati  Necr           #######...   50%         8    ###....
 Infestation              Necr           #######...   50%         8    ###....
 Darkness                 Hex            #####.....   75%         6    None
 Eringya's Noxious Bog    Tmut/Pois      #####.....   75%         6    None
 Ring of Flames           Chrm/Fire      ######....   77%         7    None
 Death's Door             Chrm/Necr      ######....   99%         8    ###....
 Necromutation            Tmut/Necr      ######....   99%         8    ###....
 Discord                  Hex            #####.....   100%        8    ###....


Dungeon Overview and Level Annotations

Branches:
Dungeon (15/15)            Temple (1/1) D:5            Lair (6/6) D:11
  Swamp (4/4) Lair:4       Spider (1/4) Lair:2        Slime (0/5) Lair:5
    Orc (2/2) D:12            Elf (0/3) Orc:2        Vaults (1/5) D:13
 Depths (0/5) D:15          IceCv (visited)

Altars:
Ashenzari
Elyvilon
Gozag
Hepliaklqana
Kikubaaqudgha
Makhleb
Nemelex Xobeh
Okawaru
Qazlal
Ru
Trog
Uskayaw
Vehumet
Wu Jian
Xom
Yredelemnul
Zin
The Shining One
Beogh

Shops:
D:12 (   Orc:2 [*(=

Portals:
Abyss: D:12

Annotations:
D:3 3 runed translucent doors, LifeIsToil's ghost, amateur DsGl; SamuraiZach's ghost, amateur TrHu
D:11 Josephine
D:12 2 transporters, ElPutoDani's ghost, journeyman CeWr
Lair:2 3 runed translucent doors, Buboarol's ghost, journeyman HaBe
Lair:5 3 runed translucent doors, Xioliur's ghost, journeyman MiBe
Lair:6 exclusion: oklob plant
Swamp:4 Mara


Message History

Ouch! That really hurt!
You are splashed with acid!
A deep elf knight and a deep elf death mage come into view.
Casting: Ozocubu's Refrigeration (safe; 1% risk of failure)
Confirm with . or Enter, or press ? or * to list all spells.
The heat is drained from your surroundings.
You resist.
You feel very cold. The monsters around you are frozen!
The ironheart preserver is heavily wounded.
The deep elf knight shouts!
The deep elf knight is severely wounded.
The deep elf sorcerer is almost dead.
The deep elf death mage shouts!
The deep elf death mage is heavily wounded.
You kill the deep elf mage!
Vehumet accepts your kill.
You feel your power returning.
Your Conjurations skill increases to level 10!
The deep elf sorcerer gestures at you while chanting.
The sphere of damnation explodes!
The damnation engulfs you!!
You die...

.............############..#.#
.............#.......##.#..####
.............#.......###'##'..#
.............#..###..'...#.#..#
.............#..# #..#...###..#
.............#..###..##### ####
.............'.......#
.........#.......#
'###########@##### .........#
.........+ #..####..+ #. #e.#
#.)# #..#


epe# You could see an ironheart preserver, a deep elf death mage, a deep elf
sorcerer (fast) and a deep elf knight.

Vanquished Creatures
  Rupert (D:13)
  Jorgrun (D:14)
  Frances (Swamp:1)
  Kirke (Swamp:4)
  A fire giant (D:15)
  An orc warlord (Orc:2)
  A dire elephant (Lair:6)
  2 fire dragons (Swamp:4)
  A yaktaur captain (Vaults:1)
  4 vault guards (D:13)
  Erolcha (Orc:1)
  2 ghost crabs
  2 centaur warriors
  15 hydras
  A merfolk avatar (Lair:6)
  A shambling mangrove (Swamp:4)
  8 alligators
  4 tengu warriors
  A death knight (D:12)
  2 two-headed ogres
  3 death yaks (Lair:5)
  2 orc high priests
  A spriggan (Swamp:4)
  Sonja (D:13)
  5 skeletal warriors
  An unseen horror (Vaults:1)
  A wizard (D:14)
  8 swamp dragons
  Pikel (D:8)
  2 harpies (Lair:6)
  2 deep elf magi
  5 oklob plants
  4 wolf spiders (Spider:1)
  2 manticores (D:14)
  6 orb spiders (Spider:1)
  7 orc knights
  4 orc sorcerers (Orc:2)
  7 cyclopes
  2 ice statues (IceCv)
  3 centaur zombies
  7 elephants
  3 black mambas
  15 spiny frogs
  2 demonic crawlers (Spider:1)
  5 komodo dragons
  3 kobold demonologists
  10 ice devils (IceCv)
  A rime drake (Lair:6)
  An efreet (D:15)
  A tengu conjurer (D:15)
  8 trolls
  5 jumping spiders (Spider:1)
  13 tyrant leeches
  6 hornets
  5 bog bodies
  11 blink frogs
  A polar bear (Lair:3)
  7 slime creatures (Vaults:1)
  9 dream sheep (Lair:6)
  4 hippogriffs
  3 shadows
  8 redbacks (Spider:1)
  A wraith (D:14)
  Sigmund (D:3)
  5 wyverns
  A basilisk (Lair:6)
  16 yaks
  6 humans (D:13)
  A golden eye (shapeshifter) (D:14)
  2 hungry ghosts (D:15)
  6 wargs
  13 vampire mosquitoes
  2 steam dragons
  12 swamp worms
  Edmund (D:6)
  7 insubstantial wisps
  2 soldier ants
  9 porcupines
  Duvessa (D:4)
  6 water moccasins
  33 orc warriors
  11 swamp drakes
  2 ice beasts
  3 sky beasts
  3 black bears
  An ice beast (shapeshifter) (Vaults:1)
  4 slaves (D:8)
  A phantom (D:10)
  10 ogres
  3 wolves (Lair:5)
  5 boggarts (Vaults:1)
  21 centaurs
  11 crocodiles
  10 bullfrogs
  2 big kobolds
  A gnoll sergeant (D:8)
  2 wyvern skeletons
  4 scorpions
  8 killer bees
  An electric eel (Lair:4)
  10 wights
  3 howler monkeys (D:9)
  7 crimson imps
  3 hounds (D:9)
  18 orc priests
  25 jellies
  A centaur skeleton (D:8)
  A bullfrog skeleton (D:12)
  5 iguanas
  Jessica (D:2)
  31 orc wizards
  11 worker ants
  A hound skeleton (D:8)
  15 adders
  A howler monkey skeleton (D:9)
  8 gnolls (D:8)
  4 shadow imps
  7 white imps (IceCv)
  4 ufetubi (IceCv)
  11 oozes
  An adder zombie (D:5)
  6 worms
  10 leopard geckos
  78 orcs
  A ball python (D:4)
  7 bats
  4 giant cockroaches
  6 goblins
  8 hobgoblins
  7 jackals
  26 kobolds
  2 quokkas
  4 frilled lizards
  A leopard gecko zombie (D:5)
  4 rats
  A fire vortex (D:11)
  7 fungi
  6 plants
820 creatures vanquished.

Vanquished Creatures (collateral kills)
  5 hydras
  2 two-headed ogres (D:13)
  A tengu warrior (D:13)
  A lindwurm (Lair:4)
  An ugly thing (D:12)
  5 elephants
  A cyclops (D:12)
  Maurice (D:8)
  2 spiny frogs
  5 rime drakes
  3 komodo dragons
  A polar bear (Lair:6)
  3 dream sheep (Lair:6)
  2 hippogriffs
  4 wraiths
  10 yaks
  Menkaure (D:4)
  A porcupine (Lair:5)
  A black bear (D:11)
  2 orc warriors
  A sky beast (D:12)
  6 ice beasts
  2 ogres
  A hornet zombie (D:12)
  2 phantoms
  A centaur (D:13)
  5 crocodiles
  Blork the orc (D:6)
  A bullfrog (D:8)
  Dowan (D:4)
  A wyvern skeleton (D:14)
  A killer bee (D:9)
  3 wights
  2 bullfrog zombies
  3 centaur zombies
  A quasit (D:7)
  4 orc priests
  A jelly (D:9)
  A hound zombie (D:5)
  A howler monkey zombie (D:5)
  A shadow imp (D:9)
  3 orcs
  A quokka skeleton (D:4)
  A spectral orc (D:7)
97 creatures vanquished.

Vanquished Creatures (others)
  A reaper (IceCv)
  A hydra (Swamp:4)
  7 humans
  A steam dragon (Swamp:4)
  3 swamp drakes (Swamp:4)
  An orc wizard (Orc:2)
  4 white imps (IceCv)
  5 ufetubi (IceCv)
  A quokka (D:9)
  A bush (Lair:6)
  26 fungi
  56 plants
  A withered plant (D:3)
108 creatures vanquished.

Grand Total: 1025 creatures vanquished

Notes
Turn   | Place    | Note
-------+----------+-------------------------------------------
     0 | D:1      | gruber the Deep Elf Ice Elementalist began the quest for
                  | the Orb.
     0 | D:1      | Reached XP level 1. HP: 10/10 MP: 6/6
   367 | D:1      | Reached XP level 2. HP: 13/15 MP: 4/8
   441 | D:1      | You fall into a shaft and drop 1 floor!
   447 | D:2      | Reached skill level 5 in Ice Magic
   777 | D:2      | Reached XP level 3. HP: 16/19 MP: 6/9
   782 | D:2      | Learned a level 3 spell: Frozen Ramparts
  2002 | D:2      | Noticed Jessica
  2010 | D:2      | Killed Jessica
  2010 | D:2      | Reached skill level 4 in Spellcasting
  2010 | D:2      | Reached XP level 4. HP: 20/24 MP: 7/12
  2785 | D:3      | Found a shimmering altar of Xom.
  2858 | D:3      | Noticed Sigmund
  2869 | D:3      | Killed Sigmund
  2869 | D:3      | Reached skill level 6 in Spellcasting
  2869 | D:3      | Reached XP level 5. HP: 28/28 MP: 9/15
  2880 | D:3      | Reached XP level 6. HP: 30/32 MP: 7/17
  3150 | D:3      | Found a runed translucent gate.
  3163 | D:3      | Found a runed translucent gate.
  3164 | D:3      | Found a runed translucent gate.
  3547 | D:3      | Noticed SamuraiZach's ghost (amateur TrHu)
  3547 | D:3      | Noticed LifeIsToil's ghost (amateur DsGl)
  3612 | D:3      | Learned a level 4 spell: Hailstorm
  3617 | D:3      | Learned a level 4 spell: Summon Ice Beast
  3728 | D:4      | Noticed Menkaure
  3739 | D:4      | Killed Menkaure
  3820 | D:4      | Noticed Duvessa
  3829 | D:4      | Killed Duvessa
  3829 | D:4      | Reached XP level 7. HP: 29/36 MP: 11/18
  3830 | D:4      | Noticed Dowan
  3834 | D:4      | Killed Dowan
  3834 | D:4      | Reached skill level 1 in Summonings
  4312 | D:4      | Found a hide-covered altar of Uskayaw.
  4685 | D:5      | Entered Level 5 of the Dungeon
  4700 | D:5      | Reached skill level 1 in Conjurations
  4775 | D:5      | Reached XP level 8. HP: 32/41 MP: 13/19
  5395 | D:5      | Reached skill level 5 in Conjurations
  5509 | D:5      | Found a glowing golden altar of the Shining One.
  5891 | D:5      | Found a staircase to the Ecumenical Temple.
  5976 | Temple   | Entered the Ecumenical Temple
  6007 | Temple   | Became a worshipper of Vehumet
  6104 | D:6      | Noticed Blork the orc
  6119 | D:6      | Killed Blork the orc
  6172 | D:6      | Reached skill level 7 in Spellcasting
  6408 | D:6      | Noticed Edmund
  6416 | D:6      | Killed Edmund
  6493 | D:6      | Reached skill level 8 in Spellcasting
  6695 | D:6      | Found a hazy altar of Hepliaklqana.
  6933 | D:7      | Reached skill level 9 in Spellcasting
  7036 | D:7      | Reached XP level 9. HP: 43/45 MP: 24/24
  7781 | D:7      | Found a basalt altar of Yredelemnul.
  7817 | D:8      | Reached skill level 10 in Spellcasting
  8006 | D:8      | Reached * piety under Vehumet
  8006 | D:8      | Offered knowledge of Shock by Vehumet.
  8102 | D:8      | Found an opulent altar of Gozag.
  8194 | D:8      | Reached skill level 11 in Spellcasting
  8457 | D:8      | Noticed Maurice
  8482 | D:8      | Found a shattered altar of Ashenzari.
  8484 | D:8      | Killed Maurice
  8583 | D:8      | Found a bloodstained altar of Trog.
  8583 | D:8      | Noticed Pikel
  8589 | D:8      | Killed Pikel
  8589 | D:8      | Reached skill level 10 in Ice Magic
  8651 | D:8      | Found a glowing silver altar of Zin.
  8699 | D:8      | Found Feangoir's Food Shop.
  8801 | D:8      | Noticed a cyclops
  8828 | D:8      | Killed a cyclops
  9342 | D:9      | Reached XP level 10. HP: 27/50 MP: 27/27
  9543 | D:9      | Noticed a tengu warrior
  9543 | D:9      | Noticed a centaur warrior
  9553 | D:9      | Killed a centaur warrior
  9560 | D:9      | Killed a tengu warrior
  9918 | D:9      | Noticed a two-headed ogre
  9928 | D:9      | Killed a two-headed ogre
 10013 | D:9      | Offered knowledge of Sandblast by Vehumet.
 10026 | D:9      | Reached ** piety under Vehumet
 10444 | D:9      | Got a smouldering double sword
 10446 | D:9      | Identified the +5 double sword "Sudgholo" {chaos, rElec
                  | Int-3 Dex+3 Stlth+} (You found it on level 9 of the
                  | Dungeon)
 10454 | D:9      | Identified Wollixub's Grimoire of Helpful Darkness
 10462 | D:9      | Learned a level 5 spell: Borgnjor's Vile Clutch
 10851 | D:9      | Found a white marble altar of Elyvilon.
 11660 | D:10     | Entered Level 10 of the Dungeon
 11740 | D:10     | Offered knowledge of Conjure Flame by Vehumet.
 12111 | D:10     | Reached skill level 1 in Necromancy
 12235 | D:10     | Reached XP level 11. HP: 54/54 MP: 28/28
 12703 | D:10     | Reached *** piety under Vehumet
 12995 | D:10     | Noticed a tengu warrior
 13002 | D:10     | Killed a tengu warrior
 13002 | D:10     | Reached skill level 5 in Necromancy
 13911 | D:11     | Found an opulent altar of Gozag.
 14059 | D:11     | Offered knowledge of Mephitic Cloud by Vehumet.
 14229 | D:11     | Found a staircase to the Lair.
 14427 | D:11     | Noticed Josephine
 15627 | D:12     | Found a transporter.
 15631 | D:12     | Noticed a wizard
 15631 | D:12     | Identified the +9 dire flail of Subterfuge {distort, rN+}
 15631 | D:12     | Noticed a skeletal warrior
 15633 | D:12     | Noticed a white very ugly thing
 15643 | D:12     | Found a transporter.
 15649 | D:12     | Found a staircase to the Orcish Mines.
 15649 | D:12     | Found Coforrorie's Weapon Emporium.
 15676 | D:12     | Noticed a purple ugly thing
 15677 | D:12     | Reached **** piety under Vehumet
 15683 | D:12     | Killed a purple ugly thing
 15731 | D:12     | Found a one-way gate to the infinite horrors of the Abyss.
 15743 | D:12     | Offered knowledge of Iskenderun's Battlesphere by Vehumet.
 15745 | D:12     | Noticed a skeletal warrior
 15745 | D:12     | Noticed a skeletal warrior
 15746 | D:12     | Noticed a death knight
 15782 | D:12     | Killed a death knight
 15782 | D:12     | Reached skill level 10 in Necromancy
 15789 | D:12     | Killed a skeletal warrior
 15789 | D:12     | Killed a skeletal warrior
 15935 | D:12     | Noticed ElPutoDani's ghost (journeyman CeWr)
 15948 | D:12     | Noticed a rakshasa
 15984 | D:12     | Noticed a sixfirhy
 15988 | D:12     | Reached skill level 1 in Earth Magic
 16197 | D:12     | Reached XP level 12. HP: 47/59 MP: 29/29
 16700 | Lair:1   | Entered Level 1 of the Lair of Beasts
 16716 | Lair:1   | Reached skill level 5 in Earth Magic
 17724 | Lair:2   | Noticed a four-headed hydra
 17732 | Lair:2   | Killed a four-headed hydra
 18304 | Lair:2   | Found a hole to the Spider Nest.
 18316 | Lair:2   | Found a runed translucent gate.
 18316 | Lair:2   | Found a runed translucent gate.
 18316 | Lair:2   | Found a runed translucent gate.
 18316 | Lair:2   | Noticed Buboarol's ghost (journeyman HaBe)
 18328 | Lair:2   | Noticed a six-headed hydra
 18342 | Lair:2   | Killed a six-headed hydra
 18526 | Lair:2   | Noticed a four-headed hydra
 18534 | Lair:2   | Killed a four-headed hydra
 19667 | Lair:3   | Reached skill level 12 in Spellcasting
 19710 | Lair:3   | Noticed a seven-headed hydra
 19717 | Lair:3   | Killed a seven-headed hydra
 19722 | Lair:3   | Noticed a six-headed hydra
 19728 | Lair:3   | Killed a six-headed hydra
 20432 | Lair:3   | Noticed a seven-headed hydra
 20439 | Lair:3   | Reached skill level 13 in Spellcasting
 20444 | Lair:3   | Killed a seven-headed hydra
 20547 | Lair:3   | Reached ***** piety under Vehumet
 21013 | Lair:3   | Offered knowledge of Bolt of Magma by Vehumet.
 21017 | Lair:3   | Reached skill level 14 in Spellcasting
 21024 | Lair:3   | Learned a level 5 spell: Bolt of Magma
 21217 | Lair:4   | Reached skill level 1 in Fire Magic
 21369 | Lair:4   | Reached XP level 13. HP: 50/63 MP: 17/33
 21532 | Lair:4   | Found a staircase to the Swamp.
 22445 | Lair:3   | Reached skill level 5 in Fire Magic
 22817 | Lair:5   | Found a staircase to the Slime Pits.
 23118 | Lair:5   | Found a runed translucent gate.
 23118 | Lair:5   | Found a runed translucent gate.
 23118 | Lair:5   | Found a runed translucent gate.
 23118 | Lair:5   | Noticed Xioliur's ghost (journeyman MiBe)
 23530 | Lair:6   | Entered Level 6 of the Lair of Beasts
 23713 | Lair:6   | Reached skill level 5 in Dodging
 23725 | Lair:6   | Noticed a dire elephant
 23734 | Lair:6   | Killed a dire elephant
 24451 | Lair:6   | Offered knowledge of Fulminant Prism by Vehumet.
 24816 | Lair:6   | Reached skill level 15 in Spellcasting
 24991 | Lair:6   | Reached XP level 14. HP: 62/68 MP: 15/35
 25226 | Lair:6   | Found the +8 Wrath of Trog {antimagic, *Rage}
 25643 | Orc:1    | Entered Level 1 of the Orcish Mines
 26092 | Orc:1    | Noticed Erolcha
 26095 | Orc:1    | Killed Erolcha
 26270 | Orc:1    | Found a bloodstained altar of Trog.
 26349 | D:13     | Noticed Rupert
 26408 | D:13     | Reached skill level 16 in Spellcasting
 26485 | D:13     | Noticed Sonja
 26501 | D:13     | Killed Sonja
 27301 | D:13     | Offered knowledge of Freezing Cloud by Vehumet.
 27362 | D:13     | Learned a level 6 spell: Freezing Cloud
 27375 | D:13     | Reached skill level 1 in Air Magic
 27992 | D:13     | Identified the +10 plate armour of Tomorrow {rN+}
 28101 | D:13     | Found a gate to the Vaults.
 28165 | D:13     | Paralysed by Rupert for 5 turns
 28173 | D:13     | Killed Rupert
 28173 | D:13     | Reached skill level 5 in Air Magic
 28695 | D:14     | Noticed Jorgrun
 28702 | D:14     | Killed Jorgrun
 30136 | D:15     | Entered Level 15 of the Dungeon
 30272 | D:15     | Reached skill level 17 in Spellcasting
 30729 | D:15     | Found a staircase to the Depths.
 30729 | D:15     | Noticed a fire giant
 30740 | D:15     | Killed a fire giant
 30740 | D:15     | Offered knowledge of Iron Shot by Vehumet.
 30748 | D:15     | Learned a level 6 spell: Iron Shot
 31280 | D:15     | Reached XP level 15. HP: 72/72 MP: 22/38
 31373 | D:15     | Reached skill level 18 in Spellcasting
 31757 | Orc:2    | Entered Level 2 of the Orcish Mines
 31838 | Orc:2    | Reached skill level 1 in Shields
 31877 | Orc:2    | Found a frozen archway.
 31887 | IceCv    | Entered an ice cave
 32796 | IceCv    | HP: 2/72 [something (12)]
 33391 | Orc:2    | Identified 3 scrolls of acquirement
 33392 | Orc:2    | Acquired 1890 gold pieces
 33401 | Orc:2    | Acquired the +1 pair of gloves of Repulsion {Int+3}
 33414 | Orc:2    | Acquired a Necronomicon
 33812 | Orc:2    | Noticed an orc warlord
 33829 | Orc:2    | Killed an orc warlord
 33995 | Orc:1    | Reached skill level 5 in Shields
 34332 | Orc:2    | Offered knowledge of Ozocubu's Refrigeration by Vehumet.
 34343 | Orc:2    | Learned a level 6 spell: Ozocubu's Refrigeration
 34547 | Orc:2    | Found a roughly hewn altar of Beogh.
 34554 | Orc:2    | Found Vaump's Antique Armour Boutique.
 34559 | Orc:2    | Found Rauraw's General Store.
 34563 | Orc:2    | Found Pupam's Jewellery Boutique.
 34614 | Orc:2    | Found Bijix's Antique Weapon Boutique.
 34794 | Orc:2    | Found a staircase to the Elven Halls.
 35333 | Swamp:1  | Entered Level 1 of the Swamp
 35554 | Swamp:1  | Noticed Frances
 35560 | Swamp:1  | Killed Frances
 35560 | Swamp:1  | Reached skill level 15 in Ice Magic
 37238 | Swamp:2  | Found an ancient bone altar of Kikubaaqudgha.
 38133 | Swamp:2  | Learned a level 2 spell: Sublimation of Blood
 38630 | Swamp:3  | Offered knowledge of Conjure Ball Lightning by Vehumet.
 39243 | Swamp:4  | Entered Level 4 of the Swamp
 39247 | Swamp:4  | Noticed Mara
 39510 | Spider:1 | Entered Level 1 of the Spider Nest
 39599 | Spider:1 | Reached skill level 19 in Spellcasting
 39603 | Spider:1 | Reached XP level 16. HP: 76/76 MP: 13/41
 41074 | Swamp:4  | Reached skill level 20 in Spellcasting
 41279 | Swamp:4  | Noticed Kirke
 41283 | Swamp:4  | Killed Kirke
 41439 | Swamp:4  | Noticed gruber's illusion
 41662 | Swamp:4  | Noticed gruber's illusion
 41820 | Swamp:4  | Noticed gruber's illusion
 42272 | Swamp:4  | Offered knowledge of Orb of Destruction by Vehumet.
 42437 | Swamp:4  | Reached ****** piety under Vehumet
 42624 | Swamp:4  | Got a decaying rune of Zot
 42900 | Vaults:1 | Entered Level 1 of the Vaults
 43492 | Vaults:1 | Reached skill level 10 in Conjurations
 43492 | Vaults:1 | Killed from afar by a deep elf sorcerer

Illustrated notes

Levels and vault maps discovered:
D:1:      dpeg_arrival_morbid_curiosity, layout_basic, minmay_pentomino_u4
D:2:      layout_loops_corners, kennysheep_jessica_study
D:3:      layout_rooms, xom_teletrap_fun, first_ration,
          gammafunk_ghost_cemetery, nrook_mini_vaults, uniq_sigmund
D:4:      layout_cave_pools, eat_drink_and_be_merry_uskayaw, uniq_menkaure,
          uniq_duvessa
D:5:      layout_cave_pools, nicolae_tso_carved_into_rock,
          minmay_temple_entry_poolview
D:6:      layout_basic, lemuel_round_altar, uniq_blork_the_orc, uniq_edmund
D:7:      layout_loops_ring, yredelemnul_forgotten_temple_becter
D:8:      layout_basic, nicolae_overflow_crystal_walls,
          grunt_temple_overflow_open, serial_shops, shop_statue, uniq_maurice,
          uniq_pikel
D:9:      minmay_the_grid_3x2 [minmay_the_grid_square_x, minmay_the_grid_slots,
          minmay_the_grid_garden, minmay_the_grid_outer_circle,
          minmay_the_grid_outer_diamond,
          minmay_the_grid_prize_four_corners_diamond_a], layout_layer_cave,
          elyvilon_altar_4, enter_bailey_8
D:10:     layout_gridville, serial_glass, glass_columns_c, glass_columns_a,
          minmay_strange_pillars, feat_on_display, grunt_tengu_nest
D:11:     layout_irregular_city, grunt_lair_entry_orc_guard_hut, basic_altar,
          minivault_25, chequers_garden, kennysheep_decorative_pillar,
          uniq_josephine
D:12:     layout_basic, orc_david_3, gammafunk_ghost_abyssal_escape,
          bh_walls_and_bars
D:13:     lemuel_slime, layout_stronghold, ximxim_vaults_locker_room,
          uniq_sonja, uniq_rupert
D:14:     layout_long_grid, serial_bayou_pond_d, kennysheep_generic_room_10,
          uniq_jorgrun
D:15:     grunt_enter_depths_giant_problem, layout_cave_pools,
          minmay_stone_trees_medium
Temple:   nicolae_temple_hex_pool
Lair:1:   layout_hall_layers, infiniplex_staircase_pool
Lair:2:   layout_layer_cave, spider_nest_entry_web_field, serial_rivers,
          chequers_serial_rivers_micro_b, chequers_serial_rivers_marsh,
          chequers_serial_rivers_small_a, chequers_serial_rivers_micro_a,
          chequers_serial_rivers_micro_d, chequers_serial_rivers_large_a,
          ebering_ghost_rock_garden, small_statue_intersection
Lair:3:   layout_long_grid, minivault_26, lemuel_old_faithful,
          grunt_megastairs_1, minmay_lair_oklob_chamber
Lair:4:   layout_gridlike, swamp_mist_pool
Lair:5:   layout_gridlike, minmay_slime_entry_jelly_boxes,
          ebering_ghost_rock_garden
Lair:6:   gammafunk_lair_ancient_temple, layout_loops_ring, serial_bayou_pond_c
Swamp:1:  layout_basic_swamp, evilmike_swamp_ruin_rubble_1, uniq_frances
Swamp:2:  layout_falls_marsh, lemuel_altar_in_water, swamp_pool1
Swamp:3:  layout_basic_swamp, nicolae_swamp_trees_clearing
Swamp:4:  swamp_fiery, layout_basic_swamp, uniq_mara, uniq_kirke, uniq_louise
Spider:1: layout_spider_delve
Orc:1:    layout_caves, abandoned_shop, trog_book, uniq_erolcha
Orc:2:    grunt_orc_cross, layout_diamond_mine, portal_ice_cave_entry_pillars_2
Vaults:1: v_misc_4, st_hourglassy, vaults_mumra_hex, v_misc_33, v_rooms_3,
          nicolae_vaults_little_squares_1, nicolae_vaults_mini_display_case,
          grunt_vaults_diagonal, v_misc_30, vaults_room_pool,
          ontoclasm_vaults_decontamination, nicolae_vaults_little_squares_3,
          vaults_room_semicircle, layout_vaults_omnicross

Skill      XL: |  1  2  3  4  5  6  7  8  9 10 11 12 13 14 15 16 |
---------------+-------------------------------------------------+-----
Ice Magic      | 5 6 8 11 14 16 | 16.0
Spellcasting   | 4 6 9 11 14 15 17 19 20 | 20.0
Summonings     | 4 |  4.2
Conjurations   | 3 6 10 | 10.0
Necromancy     | 1 11 | 11.0
Earth Magic    | 4 9 |  9.0
Fire Magic     | 2 8 |  8.3
Dodging        | 8 |  8.0
Air Magic      | 8 |  8.0
Shields        | 5 |  5.3
Stealth        | |  2.4

Action                   |  1- 3 |  4- 6 |  7- 9 | 10-12 | 13-15 | 16-18 || total
-------------------------+-------+-------+-------+-------+-------+-------++-------
Melee: Unarmed           |     9 |    12 |       |       |       |       ||    21
       Short sword       |       |    21 |    65 |       |       |       ||    86
       Dagger            |       |       |    35 |       |       |       ||    35
       Whip              |       |       |    18 |    98 |       |       ||   116
       Staff             |       |       |       |       |    28 |     1 ||    29
Throw: Dart              |       |     1 |       |       |       |       ||     1
 Cast: Freeze            |    41 |    15 |    15 |    47 |    31 |       ||   149
       Frozen Ramparts   |     5 |    22 |    45 |    85 |    83 |       ||   240
       Summon Ice Beast  |       |     2 |    37 |   140 |    75 |       ||   254
       Hailstorm         |       |       |    10 |    99 |    81 |     1 ||   191
       Borgnjor's Vile C |       |       |       |     4 |    20 |     4 ||    28
       Bolt of Magma     |       |       |       |       |   216 |    12 ||   228
       Freezing Cloud    |       |       |       |       |    52 |     6 ||    58
       Ozocubu's Refrige |       |       |       |       |    80 |    59 ||   139
       Iron Shot         |       |       |       |       |    27 |    44 ||    71
       Sublimation of Bl |       |       |       |       |       |     1 ||     1
Evoke: Wand              |       |       |       |       |     2 |       ||     2
  Use: Potion            |       |       |       |     4 |     1 |     1 ||     6
       Scroll            |       |       |       |    13 |    20 |     2 ||    35
 Stab: Sleeping          |     1 |     1 |     2 |     2 |       |       ||     6
       Distracted        |       |       |     1 |       |       |       ||     1
  Eat: Chunk             |     3 |     7 |    15 |    34 |    46 |     6 ||   111
       Ration            |       |       |     1 |     1 |     4 |     2 ||     8
Armor: Robe              |     8 |     9 |    34 |    44 |    29 |     4 ||   128
Dodge: Dodged            |    25 |    31 |   149 |   184 |   172 |    27 ||   588
Block: Buckler           |       |       |       |       |    26 |     4 ||    30
